 Dungeon Crawl Stone Soup version 0.26-a0-1181-gd376ed14c5 (webtiles) character file.

Game seed: 8088081442650727440

143 polelong the Stinger (level 5, -2/38 HPs)
             Began as a Draconian Venom Mage on Dec 27, 2020.
             Slain by ThreePointFourteen's ghost (7 damage)
             ... on level 4 of the Dungeon.
             The game lasted 00:19:47 (4198 turns).

polelong the Stinger (Draconian Venom Mage)         Turns: 4198, Time: 00:19:47

Health: -2/38      AC:  5    Str: 11    XL:     5   Next: 4%
Magic:  9/9        EV: 12    Int: 16    God:
Gold:   109        SH:  0    Dex: 11    Spells: 4/10 levels left

rFire    + . .     SeeInvis .   q - +2 dagger (venom)
rCold    + . .     Faith    .   (no shield)
rNeg     . . .     Spirit   .   (armour unavailable)
rPois    +         Reflect  .   (helmet restricted)
rElec    +         Harm     .   (no cloak)
rCorr    +         Rampage  .   (no gloves)
Will     .....                  (no boots)
Stlth    ++........             (no amulet)
HPRegen  0.12/turn              t - ring of flight
MPRegen  0.11/turn              (no ring)

@: resistant
A: unfitting armour, cold-blooded, AC +5
a: Evoke Flight


You were on level 4 of the Dungeon.
You visited 1 branch of the dungeon, and saw 4 of its levels.

You collected 109 gold pieces.

Inventory:

Hand Weapons
 h - a +1 dagger of holy wrath
 l - a +2 antimagic dagger
 q - a +2 dagger of venom (weapon)
 s - a +0 dagger
Jewellery
 t - a ring of flight (left hand)
Scrolls
 b - 2 scrolls of enchant armour
 e - a scroll of noise
 f - 2 scrolls of remove curse
 i - a scroll of magic mapping {unknown}
 j - a scroll of blinking {unknown}
 o - a scroll of fear {unknown}
 p - 2 scrolls of amnesia
 u - a scroll of teleportation {unknown}
Potions
 a - a potion of magic
 c - a potion of might
 k - a potion of lignification {unknown}
 m - 2 potions of degeneration
 r - a potion of heal wounds {unknown}


   Skills:
 + Level 0.1 Fighting
 + Level 0.3 Short Blades
 + Level 2.3 Dodging
 + Level 2.0 Stealth
 + Level 0.4 Unarmed Combat
 + Level 3.0 Spellcasting
 + Level 2.0 Transmutations
 + Level 0.1 Fire Magic
 + Level 1.3 Air Magic
 + Level 3.6 Poison Magic


You had 4 spell levels left.
You knew the following spells:

 Your Spells              Type           Power        Failure   Level
a - Sting                 Tmut/Pois      44%          6%          1
b - Poisonous Vapours     Pois/Air       20%          10%         2
c - Ignite Poison         Fire/Tmut/Pois 8%           26%         3

Your spell library contained the following spells:

 Spells                   Type           Power        Failure   Level
 Mephitic Cloud           Conj/Pois/Air  7%           28%         3
 Olgreb's Toxic Radiance  Pois           13%          38%         4


Dungeon Overview and Level Annotations

Branches:
Dungeon (4/15)
 Temple: D:4-7

Altars:
Uskayaw

Annotations:
D:4 ThreePointFourteen's ghost, amateur DsGl


Innate Abilities, Weirdness & Mutations

Your plain brown scales are hard. (AC +5)
You cannot fit into any form of body armour.
You are cold-blooded and may be slowed by cold attacks.


Message History

ThreePointFourteen's ghost hits you!
* * * LOW HITPOINT WARNING * * *
You feel better. ThreePointFourteen's ghost hits you!
* * * LOW HITPOINT WARNING * * *
You feel better. ThreePointFourteen's ghost hits you.
You feel better.
ThreePointFourteen's ghost closely misses you.
You hit ThreePointFourteen's ghost.
Your tail-slap misses ThreePointFourteen's ghost.
ThreePointFourteen's ghost is almost destroyed.
ThreePointFourteen's ghost hits you.
You closely miss ThreePointFourteen's ghost.
ThreePointFourteen's ghost is almost destroyed.
ThreePointFourteen's ghost hits you!
* * * LOW HITPOINT WARNING * * *
It was a potion of resistance.
You feel protected.
ThreePointFourteen's ghost boasts, "I have defeated monsters you have never seen."
ThreePointFourteen's ghost hits you!
You die...

#..###.# #..#≈#.#
####..###.#
..........##
#####.##...#######.###
#................#
#.#.#.#....###.#.## #
#.......##.##(....# .
...#.#.#.##.W@.# #
..#.......#####.....#
....#.#.#.. #.#.##
.#......... ...#
###......# .##
######## .# #


You could see ThreePointFourteen's ghost.

Vanquished Creatures
  3 adders
  A river rat (D:4)
  3 worms (D:2)
  2 dart slugs
  3 leopard geckos
  6 orcs
  2 ball pythons (D:1)
  6 giant cockroaches
  12 goblins
  7 hobgoblins
  4 jackals (D:3)
  A quokka (D:2)
  5 bats
  5 frilled lizards
  13 kobolds
  7 rats
80 creatures vanquished.

Notes
Turn   | Place    | Note
-------+----------+-------------------------------------------
     0 | D:1      | polelong the Draconian Venom Mage began the quest for the
                  | Orb.
     0 | D:1      | Reached XP level 1. HP: 14/14 MP: 3/3
    85 | D:1      | Reached XP level 2. HP: 20/20 MP: 1/5
   941 | D:1      | Reached XP level 3. HP: 26/26 MP: 3/6
  1463 | D:2      | Learned a level 2 spell: Poisonous Vapours
  1467 | D:2      | Learned a level 3 spell: Ignite Poison
  2369 | D:2      | Reached skill level 1 in Air Magic
  2369 | D:2      | Reached XP level 4. HP: 33/33 MP: 2/8
  3878 | D:3      | Found a hide-covered altar of Uskayaw.
  4129 | D:4      | Found a runed translucent door.
  4133 | D:4      | Noticed ThreePointFourteen's ghost (amateur DsGl)
  4147 | D:4      | Reached XP level 5. HP: 34/38 MP: 9/9
  4198 | D:4      | Slain by ThreePointFourteen's ghost

Illustrated notes

Levels and vault maps discovered:
D:1:      tarquinn_simple_flora_water_d, layout_rooms
D:2:      minmay_inner_zag, layout_rooms, grunt_decor_junction, minmay_domino_4
D:3:      layout_loops_ring, nicolae_overflow_hidden_temple
D:4:      layout_loops_ring, lemuel_doored_altar, grunt_gozag_breadcrumbs,
          serial_glass, glass_columns_a, glass_columns_b, feat_on_display,
          minmay_strange_pillars, feat_on_display, feat_on_display,
          ebering_ghost_sewer_f

Skill      XL: |  1  2  3  4 |
---------------+-------------+-----
Dodging        | 2 |  2.3
Air Magic      | 1 |  1.3
Transmutations | 2 |  2.0
Spellcasting   | 3 |  3.0
Stealth        | 2 |  2.0
Fighting       | |  0.1
Short Blades   | |  0.3
Unarmed Combat | |  0.4
Fire Magic     | |  0.1
Poison Magic   | |  3.6

Action                   |  1- 3 |  4- 6 || total
-------------------------+-------+-------++-------
Melee: Unarmed           |    25 |       ||    25
       Dagger            |    23 |   104 ||   127
       Tailslap          |     2 |     8 ||    10
 Cast: Sting             |    41 |       ||    41
       Poisonous Vapours |    20 |     8 ||    28
       Ignite Poison     |     5 |     3 ||     8
  Use: Scroll            |     3 |     7 ||    10
       Potion            |       |     6 ||     6
Armor: Skin              |     9 |    51 ||    60
Dodge: Dodged            |    27 |    82 ||   109

Table legend: (Time is in decaauts)
 A = Elapsed time spent in this place.
 B = Non-inter-level travel time spent in this place.
 C = Inter-level travel time spent in this place.
 D = Time resting spent in this place.
 E = Time spent auto-exploring this place.
 F = Levels seen in this place.
 G = Mean time per level.
                   A        B        C        D        E       F      G
               +--------+--------+--------+--------+--------+-----+--------+
         Total |   4194 |   3988 |    206 |    180 |   3163 |   4 | 1048.5 |
       Dungeon |   4194 |   3988 |    206 |    180 |   3163 |   4 | 1048.5 |
               +--------+--------+--------+--------+--------+-----+--------+

Top non-repeatable levels by time:
     D:2: 1536 daAuts
     D:1: 1425 daAuts
     D:3: 1018 daAuts
     D:4: 214 daAuts
